 Dungeon Crawl Stone Soup version 0.28.0-43-g3370ac3207 (webtiles) character file.

Game seed: 8605099642232482009

396 dropkickpikachu the Cudgeller (level 6, -3/56 HPs)
             Began as a Minotaur Berserker on Mar 4, 2022.
             Was a Believer of Trog.
             Slain by a gnoll sergeant
             ... wielding a +0 spear
              (4 damage)
             ... on level 6 of the Dungeon.
             The game lasted 00:10:57 (2176 turns).

dropkickpikachu the Cudgeller (Minotaur Berserker)  Turns: 2176, Time: 00:11:00

Health: -3/56      AC: 12    Str: 23    XL:     6   Next: 52%
Magic:  5/5        EV: 11    Int:  4    God:    Trog [**....]
Gold:   164        SH:  0    Dex: 10    Spells: 5/5 levels left

rFire   . . .      SeeInvis .   t - +2 scythe (freeze)
rCold   . . .      Faith    +   (shield currently unavailable)
rNeg    . . .      Spirit   .   o - +0 scale mail
rPois   .          Reflect  .   (helmet restricted)
rElec   .          Harm     .   (no cloak)
rCorr   .          Rampage  .   v - +0 pair of gloves
Will    .....                   (no boots)
Stlth   ..........              q - amulet of faith
HPRegen 0.18/turn               j - +4 ring of protection
MPRegen 0.09/turn               a - ring of flight

@: flying
A: horns 2, retaliatory headbutt
a: Renounce Religion, Berserk, Trog's Hand


You were on level 6 of the Dungeon.
You worshipped Trog.
Trog was pleased with you.
You visited 1 branch of the dungeon, and saw 4 of its levels.

You collected 164 gold pieces.

Inventory:

Hand Weapons
 d - a +1 dagger of electrocution
 e - a +1 dagger of holy wrath
 n - a +1 vorpal falchion
 r - a +0 great mace
 t - a +2 scythe of freezing (weapon)
Armour
 o - a +0 scale mail (worn)
 v - a +0 pair of gloves (worn)
Jewellery
 a - a ring of flight (right hand)
 j - a +4 ring of protection (left hand)
 l - an amulet of guardian spirit
 p - a ring of resist corrosion
 q - an amulet of faith (around neck)
Scrolls
 c - 3 scrolls of teleportation {unknown}
 g - a scroll of immolation {unknown}
 h - 2 scrolls of noise {unknown}
 k - 4 scrolls of identify {unknown}
 m - a scroll of magic mapping {unknown}
Potions
 b - a potion of attraction {unknown}
 f - a potion of cancellation {unknown}
 i - a potion of heal wounds {unknown}
 s - a potion of berserk rage {unknown}
 u - a potion of curing {unknown}


   Skills:
 + Level 5.2 Fighting
 + Level 1.4 Long Blades
 + Level 6.2 Maces & Flails
 + Level 0.9 Polearms
 + Level 3.3 Armour
 + Level 3.5 Dodging
 + Level 1.3 Stealth


You had 5 spell levels left.
You didn't know any spells.
Your spell library was empty.

Dungeon Overview and Level Annotations

Branches:
Dungeon (3/15)

Altars:

Shops:
D:2 *


Innate Abilities, Weirdness & Mutations

You have a pair of horns on your head.
You reflexively headbutt those who attack you in melee.


Message History

You barely miss the adder. The adder barely misses you.
The gnoll sergeant hits you but does no damage.
The adder bites you but does no damage.
The gnoll sergeant hits you but does no damage.
The adder closely misses you. You furiously retaliate!
You headbutt the adder, but do no damage.
You hit the adder.
The adder seems to slow down.
You freeze the adder.
The adder is moderately wounded.
The gnoll sergeant hits you from afar with a +0 spear.
The adder closely misses you.
The gnoll sergeant hits you from afar with a +0 spear.
* * * LOW HITPOINT WARNING * * *
You slash the adder!
The adder seems to slow down.
You freeze the adder.
You kill the adder!
Trog accepts your kill.
The gnoll sergeant hits you from afar with a +0 spear.
* * * LOW HITPOINT WARNING * * *
The gnoll hits you but does no damage.
The gnoll sergeant hits you but does no damage.
You barely miss the gnoll. You headbutt the gnoll.
The gnoll is lightly wounded.
The gnoll closely misses you.
The gnoll sergeant hits you from afar with a +0 spear.
* * * LOW HITPOINT WARNING * * *
The gnoll hits you with a +0 flail.
* * * LOW HITPOINT WARNING * * *
The gnoll sergeant completely misses you.
You barely miss the gnoll.
The gnoll is lightly wounded.
The gnoll barely misses you.
The gnoll sergeant completely misses you.
The gnoll misses you. The gnoll sergeant barely misses you.
You barely miss the gnoll. Your headbutt misses the gnoll.
The gnoll is lightly wounded.
The gnoll hits you but does no damage.
The gnoll sergeant hits you from afar with a +0 spear!
* * * LOW HITPOINT WARNING * * *
The gnoll barely misses you.
The gnoll sergeant hits you from afar with a +0 spear.
You die...

#....# #....#
#....# #....#
########## #....#
#........# #...##
#........## #.#.##
#.......)..
#.#..###........##
#@##...#........#
#g####.#........#
#g...#..........#
.....##..###.####
......###..##.#
##.....# ##.##.#
#...### .. ..
..... #.# ..... .#


You could see a gnoll sergeant and a gnoll.

Vanquished Creatures
  Sigmund (D:3)
  A black bear (D:6)
  Terence (D:2)
  4 gnolls
  An adder (D:6)
  A worm (D:3)
  5 dart slugs (D:1)
  8 bats
  4 endoplasms
  2 giant cockroaches
  6 goblins (D:1)
  6 hobgoblins
  4 jackals (D:1)
  2 kobolds
  2 quokkas (D:1)
  4 ball pythons (D:1)
  A frilled lizard (D:2)
  8 rats
61 creatures vanquished.

Notes
Turn   | Place    | Note
-------+----------+-------------------------------------------
     0 | D:1      | dropkickpikachu the Minotaur Berserker began the quest for
                  | the Orb.
     0 | D:1      | Reached XP level 1. HP: 19/19 MP: 0/0
   255 | D:1      | Reached XP level 2. HP: 27/27 MP: 1/1
   260 | D:1      | Reached skill level 4 in Maces & Flails
   335 | D:1      | Reached XP level 3. HP: 12/33 MP: 2/2
   339 | D:1      | Reached ** piety under Trog
  1064 | D:2      | Noticed Terence
  1073 | D:2      | Killed Terence
  1074 | D:2      | Reached skill level 5 in Maces & Flails
  1074 | D:2      | Reached XP level 4. HP: 38/41 MP: 3/3
  1092 | D:2      | Found Iwent's General Store.
  1535 | D:3      | Noticed Sigmund
  1547 | D:3      | HP: 1/41 [Sigmund/+2 scythe of freezing (3)]
  1548 | D:3      | Killed Sigmund
  1549 | D:3      | Reached skill level 5 in Fighting
  1549 | D:3      | Reached skill level 1 in Long Blades
  1549 | D:3      | Reached skill level 6 in Maces & Flails
  1549 | D:3      | Reached XP level 5. HP: 2/48 MP: 4/4
  1991 | D:3      | Reached skill level 1 in Stealth
  2048 | D:3      | You fall into a shaft and drop 3 floors!
  2048 | D:6      | Noticed a black bear
  2058 | D:6      | Killed a black bear
  2059 | D:6      | Reached XP level 6. HP: 44/56 MP: 5/5
  2176 | D:6      | HP: 1/56 [gnoll sergeant/+0 spear (7)]
  2176 | D:6      | Slain by a gnoll sergeant

Illustrated notes

Levels and vault maps discovered:
D:1:      dpeg_arrival_water_fire, layout_basic, minmay_vboxes
D:2:      layout_loops_ring, serial_shops, nicolae_shop_behind_doors,
          uniq_terence
D:3:      layout_loops_ring, nicolae_ru_path_of_blood, uniq_crazy_yiuf_cottage,
          uniq_sigmund
D:6:      layout_rooms

Skill      XL: |  1  2  3  4  5 |
---------------+----------------+-----
Maces & Flails | 4 5 6 |  6.2
Fighting       | 4 5 |  5.2
Long Blades    | 1 |  1.4
Armour         | 3 |  3.3
Dodging        | 3 |  3.5
Stealth        | 1 |  1.3
Polearms       | |  0.9

Action                   |  1- 3 |  4- 6 || total
-------------------------+-------+-------++-------
Melee: Mace              |    67 |       ||    67
       Headbutt          |    10 |     9 ||    19
       Punch             |     1 |     1 ||     2
       Great mace        |       |    19 ||    19
       Falchion          |       |    10 ||    10
       Scythe            |       |    28 ||    28
 Stab: Sleeping          |     2 |       ||     2
Armor: Animal skin       |    11 |       ||    11
       Ring mail         |     2 |    19 ||    21
       Scale mail        |       |    30 ||    30
       Skin              |       |     2 ||     2
Dodge: Dodged            |    59 |    54 ||   113
